Sabres vs Red Wings

Created - March 10, 2025 at 00:05

Goals
1 2 3 T
Sabres 0 2 0 2
Red Wings 1 2 1 4
Shots
1 2 3 T
Sabres 13 10 9 32
Red Wings 5 9 11 25

1st period

1. Red Wings , Charlie Coyle 18 (Ivan Provorov 10, Philip Samuelsson 12) at 10:32

Penalties :
Teuvo Teravainen (Buf) for Tripping (Minor) at 0:13, Mathew Dumba (Buf) for Roughing (Minor) at 3:22, T.J. Hensick (Det) for Slashing (Double Minor) at 13:29

2nd period

2. Red Wings , Connor Brown 25 (Dylan Larkin 30) at 2:27 (PP)
3. Sabres , Teuvo Teravainen 10 (Calvin de Haan 6, Artemi Panarin 34) at 3:20
4. Red Wings , Jimmy Vesey 9 (Nate Schmidt 11, Charlie Coyle 31) at 4:19
5. Sabres , Christian Dvorak 4 (Timo Meier 8, Brent Seabrook 11) at 13:17

Penalties :
Artemi Panarin (Buf) for Goalie Interference (Minor) at 0:13, Artemi Panarin (Buf) for Tripping (Minor) at 2:25, Mathew Dumba (Buf) for Holding (Minor) at 10:58

3rd period

6. Red Wings , Dylan Larkin 24 (Connor Brown 33, Roland McKeown 9) at 12:01

Penalties :
Brock Nelson (Buf) for Interference (Minor) at 13:34

Goalie Stats

Igor Shesterkin (Buf), 21 saves from 25 shots - (0.840), L, 13-18-4, 60:00 minutes
Carter Hart (Det), 30 saves from 32 shots - (0.938), W, 18-17-6, 60:00 minutes

Players Stats for Sabres

Player Name              G  A  P  +/- PIM S  H  SB GA TA FO     MP     PP MP  PK MP  
------------------------------------------------------------------------------------
Artemi Panarin           0  1  1  -1  4   6  1  2  1  0  4/5    22:16   1:35   4:19 
Brent Seabrook           0  1  1   1  0   1  3  0  0  0  0/0    21:44   1:52   3:52 
Brock Nelson             0  0  0  -1  2   3  0  0  0  0  0/2    14:02   0:48   2:26 
Cal Clutterbuck          0  0  0   0  0   1  3  0  0  0  0/0    14:20   1:26   0:00 
Calvin de Haan           0  1  1   1  0   1  1  1  0  0  0/0    21:22   1:34   3:39 
Chris Kreider            0  0  0   0  0   3  0  0  2  1  1/2    17:40   1:26   3:32 
Christian Dvorak         1  0  1   1  0   1  0  0  0  0  0/2     8:18   0:14   1:35 
Corey Perry              0  0  0  -1  0   3  1  0  0  0  0/0    11:51   0:58   0:00 
Evgeni Malkin            0  0  0   0  0   0  3  0  0  0  4/10   14:48   1:26   0:36 
Joel Eriksson Ek         0  0  0  -1  0   0  0  0  0  0  0/2     9:05   0:00   0:00 
Justin Bailey            0  0  0   1  0   0  2  0  0  0  0/0     6:10   0:00   0:09 
Mathew Dumba             0  0  0  -1  4   1  3  4  0  0  0/0    25:30   2:00   3:43 
Mika Zibanejad           0  0  0  -1  0   2  0  0  0  0  16/28  23:11   1:35   5:16 
Neal Pionk               0  0  0  -1  0   0  0  1  1  0  0/0    11:40   1:01   0:00 
Teuvo Teravainen         1  0  1  -1  2   3  0  1  0  0  0/1    20:10   1:35   2:01 
Timo Meier               0  1  1   1  0   4  0  0  0  0  0/0     7:51   0:44   0:00 
Tyson Barrie             0  0  0  -1  0   1  2  2  0  0  0/0    12:38   0:00   2:22 
Victor Hedman            0  0  0  -1  0   2  1  2  0  0  0/0    27:21   1:41   6:18 

Players Stats for Red Wings

Player Name              G  A  P  +/- PIM S  H  SB GA TA FO     MP     PP MP  PK MP  
------------------------------------------------------------------------------------
Carson Mcmillan          0  0  0   1  0   0  2  0  0  0  0/0    12:44   0:12   1:35 
Charlie Coyle            1  1  2   0  0   4  1  1  1  1  9/20   19:33   4:20   1:28 
Colton Parayko           0  0  0   1  0   0  3  1  0  1  0/0    25:54   4:54   1:40 
Connor Brown             1  1  2   1  0   2  2  0  0  0  0/1    20:05   5:25   0:00 
Danton Heinen            0  0  0   0  0   2  2  1  0  1  0/0    19:26   4:20   1:22 
David Backes             0  0  0   0  0   3  1  1  0  0  1/2    18:04   4:20   0:17 
Dylan Larkin             1  1  2   1  0   3  2  0  0  0  13/22  21:16   5:25   1:10 
Ivan Provorov            0  1  1  -1  0   0  0  2  0  0  0/0    19:30   5:03   0:14 
Jimmy Vesey              1  0  1   1  0   3  1  0  0  0  0/0    11:46   0:12   0:45 
Jordan Staal             0  0  0   0  0   1  1  0  0  0  3/4    15:00   5:03   0:00 
Lucas Lessio             0  0  0  -1  0   0  2  0  0  0  0/1     8:00   0:00   1:21 
Marcus Kruger            0  0  0  -1  0   0  0  1  0  0  1/1     8:01   0:12   0:00 
Martin Marincin          0  0  0   1  0   1  0  0  0  0  0/0    14:46   0:00   1:40 
Nate Schmidt             0  1  1   1  0   0  0  2  0  0  0/0    20:17   0:00   2:05 
Pavel Buchnevich         0  0  0   1  0   4  0  0  0  0  0/0    19:44   5:25   0:00 
Philip Samuelsson        0  1  1   0  0   1  2  1  0  0  0/0    19:21   4:54   0:39 
Roland McKeown           0  1  1   1  0   0  0  0  0  1  0/0    14:36   0:00   1:40 
T.J. Hensick             0  0  0  -1  4   1  0  0  0  0  0/1     7:57   0:00   0:00 

3 Stars

1 - Dylan Larkin (Det)
2 - Connor Brown (Det)
3 - Charlie Coyle (Det)

Power Play

Sabres - 0 on 2 Attempt(s) - 0.00%
Red Wings - 1 on 6 Attempt(s) - 16.67%

Penalty Kill

Sabres - 5 on 6 Attempt(s) - 83.33% - Score 0 goal in Penalty Kill
Red Wings - 2 on 2 Attempt(s) - 100.00% - Score 0 goal in Penalty Kill

Team Stat

Sabres - Hits : 20 - Faceoff Wins : 25 - Blocked Shots : 13 - Penalty Minutes : 12
Red Wings - Hits : 19 - Faceoff Wins : 27 - Blocked Shots : 10 - Penalty Minutes : 4

Official

Referees : Steve Kozari and Tom Chmielewski
Linesman : Travis Toomey and Kory Nagy

Game Notes

No Game Note

Finance

Level 1 -- Attendance: 6000 (100.00%) -- Ticket Income $600,000
Level 2 -- Attendance: 5000 (100.00%) -- Ticket Income $350,000
Level 3 -- Attendance: 1920 (96.00%) -- Ticket Income $76,800
Level 4 -- Attendance: 3734 (93.35%) -- Ticket Income $112,020
Luxury Box -- Attendance: 1000 (100.00%) -- Ticket Income $200,000
Game was played at the Little Caesars arena.
Total Attendance: 17654 (98.08%)
Total Ticket Income: $1,338,820
Other Income: $200,823
Total Income: $1,539,643

Sabres

5 vs 5 Forward 
   Center                   Left Wing                Right Wing               Time % Phy DF OF 
 1 Mika Zibanejad           Artemi Panarin           Teuvo Teravainen         40     1   2  2  
 2 Evgeni Malkin            Chris Kreider            Cal Clutterbuck          30     1   2  2  
 3 Joel Eriksson Ek         Brock Nelson             Corey Perry              20     1   2  2  
 4 Christian Dvorak         Justin Bailey            Timo Meier               10     1   2  2  

5 vs 5 Defense 
   Defense                  Defense                                           Time % Phy DF OF 
 1 Mathew Dumba             Victor Hedman                                     40     1   2  2  
 2 Brent Seabrook           Calvin de Haan                                    30     1   2  2  
 3 Neal Pionk               Tyson Barrie                                      20     1   2  2  
 4 Mathew Dumba             Victor Hedman                                     10     1   2  2  

PowerPlay Forward 
   Center                   Left Wing                Right Wing               Time % Phy DF OF 
 1 Mika Zibanejad           Artemi Panarin           Teuvo Teravainen         60     1   2  2  
 2 Evgeni Malkin            Chris Kreider            Cal Clutterbuck          40     1   2  2  

PowerPlay Defense
   Defense                  Defense                                           Time % Phy DF OF 
 1 Mathew Dumba             Victor Hedman                                     60     1   2  2  
 2 Brent Seabrook           Calvin de Haan                                    40     1   2  2  

Penalty Kill 4 Players Forward 
   Center                   Wing                     Time % Phy DF OF 
 1 Artemi Panarin           Mika Zibanejad           60     1   2  2  
 2 Chris Kreider            Teuvo Teravainen         40     1   2  2  

Penalty Kill 4 Players Defense
   Defense                  Defense                  Time % Phy DF OF 
 1 Mathew Dumba             Victor Hedman            60     1   2  2  
 2 Brent Seabrook           Calvin de Haan           40     1   2  2  

Penalty Kill - 3 Players Forward 
   Forward                                           Time % Phy DF OF 
 1 Artemi Panarin                                    60     1   2  2  
 2 Mika Zibanejad                                    40     1   2  2  

Penalty Kill - 3 Players Defense
   Defense                  Defense                  Time % Phy DF OF 
 1 Mathew Dumba             Victor Hedman            60     1   2  2  
 2 Brent Seabrook           Calvin de Haan           40     1   2  2  

4 vs 4 Forward 
   Center                   Wing                     Time % Phy DF OF 
 1 Artemi Panarin           Mika Zibanejad           60     1   2  2  
 2 Chris Kreider            Teuvo Teravainen         40     1   2  2  

4 vs 4 Defense
   Defense                  Defense                  Time % Phy DF OF 
 1 Mathew Dumba             Victor Hedman            60     1   2  2  
 2 Brent Seabrook           Calvin de Haan           40     1   2  2  

Last Minutes Offensive
   Center                   Left Wing                Right Wing               Defense                  Defense                  
   Mika Zibanejad           Artemi Panarin           Teuvo Teravainen         Mathew Dumba             Victor Hedman            

Last Minutes Defensive
   Center                   Left Wing                Right Wing               Defense                  Defense                  
   Mika Zibanejad           Artemi Panarin           Teuvo Teravainen         Mathew Dumba             Victor Hedman            

Goaltenders
Starting : Igor Shesterkin          
Backup : Cam Talbot               

Extra Forwards
Normal : Corey Perry, Timo Meier, Brock Nelson - PP : Corey Perry, Timo Meier - PK : Brock Nelson
Extra Defensemen
Normal : Neal Pionk, Tyson Barrie, Brent Seabrook - PP : Neal Pionk - PK : Tyson Barrie, Brent Seabrook
Penalty Shots
Artemi Panarin, Mika Zibanejad, Chris Kreider, Teuvo Teravainen, Evgeni Malkin
Custom OT Lines Forwards
Artemi Panarin, Mika Zibanejad, Chris Kreider, Teuvo Teravainen, Evgeni Malkin, Cal Clutterbuck, Corey Perry, Timo Meier, Brock Nelson, Justin Bailey
Custom OT Lines Defensemen
Mathew Dumba, Victor Hedman, Brent Seabrook, Calvin de Haan, Neal Pionk

Scratches
Jonas Brodin (Healthy), Kyle Okposo (Healthy)

Red Wings

5 vs 5 Forward 
   Center                   Left Wing                Right Wing               Time % Phy DF OF 
 1 Dylan Larkin             Pavel Buchnevich         Connor Brown             35     1   2  2  
 2 Charlie Coyle            Danton Heinen            David Backes             35     1   2  2  
 3 Jordan Staal             Jimmy Vesey              Carson Mcmillan          20     1   2  2  
 4 T.J. Hensick             Lucas Lessio             Marcus Kruger            10     1   2  2  

5 vs 5 Defense 
   Defense                  Defense                                           Time % Phy DF OF 
 1 Nate Schmidt             Colton Parayko                                    40     1   2  2  
 2 Philip Samuelsson        Ivan Provorov                                     30     1   2  2  
 3 Martin Marincin          Roland McKeown                                    20     1   2  2  
 4 Martin Marincin          Roland McKeown                                    10     1   2  2  

PowerPlay Forward 
   Center                   Left Wing                Right Wing               Time % Phy DF OF 
 1 Dylan Larkin             Pavel Buchnevich         Connor Brown             60     1   2  2  
 2 Charlie Coyle            Danton Heinen            David Backes             40     1   2  2  

PowerPlay Defense
   Defense                  Defense                                           Time % Phy DF OF 
 1 Philip Samuelsson        Colton Parayko                                    60     1   2  2  
 2 Ivan Provorov            Jordan Staal                                      40     1   2  2  

Penalty Kill 4 Players Forward 
   Center                   Wing                     Time % Phy DF OF 
 1 T.J. Hensick             Carson Mcmillan          60     1   2  2  
 2 Charlie Coyle            David Backes             40     1   2  2  

Penalty Kill 4 Players Defense
   Defense                  Defense                  Time % Phy DF OF 
 1 Nate Schmidt             Roland McKeown           60     1   2  2  
 2 Colton Parayko           Martin Marincin          40     1   2  2  

Penalty Kill - 3 Players Forward 
   Forward                                           Time % Phy DF OF 
 1 Carson Mcmillan                                   60     1   2  2  
 2 T.J. Hensick                                      40     1   2  2  

Penalty Kill - 3 Players Defense
   Defense                  Defense                  Time % Phy DF OF 
 1 Nate Schmidt             Roland McKeown           60     1   2  2  
 2 Martin Marincin          Colton Parayko           40     1   2  2  

4 vs 4 Forward 
   Center                   Wing                     Time % Phy DF OF 
 1 Dylan Larkin             Connor Brown             60     1   2  2  
 2 Charlie Coyle            Danton Heinen            40     1   2  2  

4 vs 4 Defense
   Defense                  Defense                  Time % Phy DF OF 
 1 Ivan Provorov            Philip Samuelsson        60     1   2  2  
 2 Colton Parayko           Nate Schmidt             40     1   2  2  

Last Minutes Offensive
   Center                   Left Wing                Right Wing               Defense                  Defense                  
   Dylan Larkin             Pavel Buchnevich         Connor Brown             Colton Parayko           Philip Samuelsson        

Last Minutes Defensive
   Center                   Left Wing                Right Wing               Defense                  Defense                  
   T.J. Hensick             Charlie Coyle            Carson Mcmillan          Colton Parayko           Roland McKeown           

Goaltenders
Starting : Carter Hart              
Backup : Frederik Andersen        

Extra Forwards
Normal : David Backes, T.J. Hensick, Marcus Kruger - PP : Marcus Kruger, Jimmy Vesey - PK : Lucas Lessio
Extra Defensemen
Normal : Roland McKeown, Philip Samuelsson, Nate Schmidt - PP : Nate Schmidt - PK : Philip Samuelsson, Ivan Provorov
Penalty Shots
Dylan Larkin, Pavel Buchnevich, Carson Mcmillan, Charlie Coyle, Jordan Staal
Custom OT Lines Forwards
Dylan Larkin, Connor Brown, Pavel Buchnevich, Charlie Coyle, Danton Heinen, David Backes, Jimmy Vesey, Carson Mcmillan, Jordan Staal, T.J. Hensick
Custom OT Lines Defensemen
Colton Parayko, Philip Samuelsson, Ivan Provorov, Roland McKeown, Nate Schmidt

Scratches
Brendan Woods (Healthy)

% Time on Ice - Sabres

Lines # - Real PCT - Wanted PCT - Time Play
Normal Forward
1 - 37% - 40% - 17:16
2 - 30% - 30% - 13:47
3 - 20% - 20% - 9:05
4 - 13% - 10% - 5:56
Normal Defense
1 - 40% - 40% - 18:34
2 - 35% - 30% - 15:54
3 - 22% - 20% - 10:16
4 - 3% - 10% - 1:20
PP Forward
1 - 55% - 60% - 2:12
2 - 45% - 40% - 1:47
PP Defense
1 - 61% - 60% - 2:25
2 - 39% - 40% - 1:34
PK Forward
1 - 71% - 60% - 7:02
2 - 29% - 40% - 2:55
PK Defense
1 - 63% - 60% - 6:18
2 - 37% - 40% - 3:39
PK3 Forward
1 - 0% - 60%
2 - 0% - 40%
PK3 Defense
1 - 0% - 60%
2 - 0% - 40%
44 Forward
1 - 0% - 60%
2 - 0% - 40%
44 Defense
1 - 0% - 60%
2 - 0% - 40%
Last Minute Offensive  - 0:00
Last Minute Defensive  - 0:00
Total
Forward - 60:00
Defense - 60:00

% Time on Ice - Red Wings

Lines # - Real PCT - Wanted PCT - Time Play
Normal Forward
1 - 32% - 35% - 14:49
2 - 33% - 35% - 15:15
3 - 21% - 20% - 9:30
4 - 14% - 10% - 6:30
Normal Defense
1 - 43% - 40% - 19:46
2 - 29% - 30% - 13:22
3 - 20% - 20% - 9:20
4 - 8% - 10% - 3:36
PP Forward
1 - 56% - 60% - 5:37
2 - 44% - 40% - 4:20
PP Defense
1 - 49% - 60% - 4:54
2 - 51% - 40% - 5:03
PK Forward
1 - 93% - 60% - 3:42
2 - 7% - 40% - 0:17
PK Defense
1 - 58% - 60% - 2:19
2 - 42% - 40% - 1:40
PK3 Forward
1 - 0% - 60%
2 - 0% - 40%
PK3 Defense
1 - 0% - 60%
2 - 0% - 40%
44 Forward
1 - 0% - 60%
2 - 0% - 40%
44 Defense
1 - 0% - 60%
2 - 0% - 40%
Last Minute Offensive  - 0:00
Last Minute Defensive  - 0:00
Total
Forward - 60:00
Defense - 60:00

Play-by-Play

1st period


0:01 of 1st period - Dylan Larkin wins face-off versus Mika Zibanejad in neutral zone.
0:13 of 1st period - Minor Penalty to Teuvo Teravainen for Tripping.
0:14 of 1st period - Dylan Larkin wins face-off versus Artemi Panarin in Sabres zone.
0:24 of 1st period - Snap shot by Pavel Buchnevich.
0:24 of 1st period - Shot Misses the Net.
0:26 of 1st period - Wrist shot by Connor Brown.
0:26 of 1st period - Shot Misses the Net.
0:28 of 1st period - Slapshot by Colton Parayko.
0:28 of 1st period - Shot Blocked by Mathew Dumba.
0:30 of 1st period - Snap shot by Pavel Buchnevich.
0:30 of 1st period - Shot Blocked by Mathew Dumba.
2:13 of 1st period - Penalty to Teuvo Teravainen is over, Teuvo Teravainen is back on ice.
2:14 of 1st period - Icing by Charlie Coyle.
2:15 of 1st period - Charlie Coyle wins face-off versus Christian Dvorak in Red Wings zone.
2:38 of 1st period - Wrist shot by Corey Perry.
2:38 of 1st period - Deflect By Colton Parayko.
2:38 of 1st period - Stopped by Carter Hart with a rebound.
2:40 of 1st period - Wrist shot by Brent Seabrook.
2:40 of 1st period - Stopped by Carter Hart without a rebound.
2:41 of 1st period - Evgeni Malkin wins face-off versus Dylan Larkin in Red Wings zone.
2:56 of 1st period - Wrist shot by Chris Kreider.
2:56 of 1st period - Stopped by Carter Hart without a rebound.
2:57 of 1st period - Mika Zibanejad wins face-off versus Charlie Coyle in Red Wings zone.
2:58 of 1st period - Slapshot by Artemi Panarin.
2:58 of 1st period - Stopped by Carter Hart without a rebound.
2:59 of 1st period - Mika Zibanejad wins face-off versus Charlie Coyle in Red Wings zone.
3:22 of 1st period - Minor Penalty to Mathew Dumba for Roughing.
3:23 of 1st period - Artemi Panarin wins face-off versus Dylan Larkin in Sabres zone.
3:23 of 1st period - Artemi Panarin is hit by Dylan Larkin.
3:29 of 1st period - Wrist shot by Artemi Panarin.
3:29 of 1st period - Stopped by Carter Hart with a rebound.
4:04 of 1st period - Snap shot by Artemi Panarin.
4:04 of 1st period - Shot Misses the Net.
5:22 of 1st period - Penalty to Mathew Dumba is over, Mathew Dumba is back on ice.
5:34 of 1st period - Wrist shot by Timo Meier.
5:34 of 1st period - Stopped by Carter Hart with a rebound.
5:36 of 1st period - Snap shot by Timo Meier.
5:36 of 1st period - Stopped by Carter Hart with a rebound.
5:38 of 1st period - Backhand shot by Mathew Dumba.
5:38 of 1st period - Deflect By Philip Samuelsson.
5:38 of 1st period - Stopped by Carter Hart with a rebound.
6:54 of 1st period - Nate Schmidt is hit by Corey Perry and loses puck.
7:09 of 1st period - Chris Kreider is hit by Jimmy Vesey and loses puck.
7:20 of 1st period - Tyson Barrie is hit by Danton Heinen.
7:34 of 1st period - Wrist shot by Artemi Panarin.
7:34 of 1st period - Stopped by Carter Hart with a rebound.
7:51 of 1st period - Carson Mcmillan is hit by Brent Seabrook and loses puck.
7:56 of 1st period - Slapshot by Mathew Dumba.
7:56 of 1st period - Deflect By Justin Bailey.
7:56 of 1st period - Shot Blocked by Nate Schmidt.
7:56 of 1st period - Puck is out of play.
7:57 of 1st period - Mika Zibanejad wins face-off versus Charlie Coyle in Red Wings zone.
8:20 of 1st period - Joel Eriksson Ek is hit by Dylan Larkin and loses puck.
8:41 of 1st period - Backhand shot by Victor Hedman.
8:41 of 1st period - Deflect By Roland McKeown.
8:41 of 1st period - Stopped by Carter Hart with a rebound.
8:51 of 1st period - Icing by Mathew Dumba.
8:52 of 1st period - David Backes wins face-off versus Evgeni Malkin in Sabres zone.
8:53 of 1st period - Wrist shot by Danton Heinen.
8:53 of 1st period - Stopped by Igor Shesterkin without a rebound.
8:54 of 1st period - Mika Zibanejad wins face-off versus Charlie Coyle in Sabres zone.
8:59 of 1st period - Slapshot by Brent Seabrook.
8:59 of 1st period - Shot Blocked by Danton Heinen.
9:05 of 1st period - Snap shot by Mika Zibanejad.
9:05 of 1st period - Stopped by Carter Hart with a rebound.
9:45 of 1st period - Off-side.
9:46 of 1st period - Jordan Staal wins face-off versus Joel Eriksson Ek in neutral zone.
10:07 of 1st period - Wrist shot by Mathew Dumba.
10:07 of 1st period - Deflect By Brock Nelson.
10:07 of 1st period - Stopped by Carter Hart with a rebound.
10:09 of 1st period - Slapshot by Mathew Dumba.
10:09 of 1st period - Shot Misses the Net.
10:14 of 1st period - Off-side.
10:15 of 1st period - Mika Zibanejad wins face-off versus Charlie Coyle in neutral zone.
10:26 of 1st period - Snap shot by Danton Heinen.
10:26 of 1st period - Stopped by Igor Shesterkin with a rebound.
10:28 of 1st period - Wrist shot by Philip Samuelsson.
10:28 of 1st period - Shot Hit the Post.
10:30 of 1st period - Slapshot by Ivan Provorov.
10:30 of 1st period - Shot Blocked by Neal Pionk.
10:32 of 1st period - Snap shot by Charlie Coyle.
10:32 of 1st period - Goal by Charlie Coyle - Sabres : 0 - Red Wings : 1.
10:33 of 1st period - Mika Zibanejad wins face-off versus Connor Brown in neutral zone.
11:28 of 1st period - Slapshot by Jordan Staal.
11:28 of 1st period - Stopped by Igor Shesterkin with a rebound.
11:30 of 1st period - Snap shot by Nate Schmidt.
11:30 of 1st period - Shot Blocked by Calvin de Haan.
11:48 of 1st period - Wrist shot by Timo Meier.
11:48 of 1st period - Stopped by Carter Hart without a rebound.
11:49 of 1st period - Dylan Larkin wins face-off versus Mika Zibanejad in Red Wings zone.
12:16 of 1st period - Ivan Provorov is hit by Evgeni Malkin and loses puck.
12:21 of 1st period - Snap shot by Evgeni Malkin.
12:21 of 1st period - Shot Misses the Net.
13:09 of 1st period - Slapshot by Pavel Buchnevich.
13:09 of 1st period - Stopped by Igor Shesterkin with a rebound.
13:11 of 1st period - Slapshot by Pavel Buchnevich.
13:11 of 1st period - Shot Misses the Net.
13:29 of 1st period - Double Minor Penalty to T.J. Hensick for Slashing.
13:30 of 1st period - Mika Zibanejad wins face-off versus Lucas Lessio in Red Wings zone.
14:00 of 1st period - Chris Kreider is hit by Colton Parayko and loses puck.
14:21 of 1st period - Mika Zibanejad is hit by Colton Parayko and loses puck.
17:29 of 1st period - Penalty to T.J. Hensick is over, T.J. Hensick is back on ice.
17:40 of 1st period - Timo Meier is hit by Philip Samuelsson and loses puck.
18:28 of 1st period - David Backes is hit by Cal Clutterbuck and loses puck.
19:05 of 1st period - Corey Perry is hit by Carson Mcmillan.
19:15 of 1st period - Evgeni Malkin is hit by Charlie Coyle and loses puck.
19:52 of 1st period - Brent Seabrook is hit by Connor Brown and loses puck.
Goals for this period are 0 for Sabres vs 1 for Red Wings.
Shots for this period are 13 for Sabres vs 5 for Red Wings.

2nd period


0:01 of 2nd period - Charlie Coyle wins face-off versus Mika Zibanejad in neutral zone.
0:13 of 2nd period - Minor Penalty to Artemi Panarin for Goalie Interference.
0:14 of 2nd period - Dylan Larkin wins face-off versus Brock Nelson in Sabres zone.
2:13 of 2nd period - Penalty to Artemi Panarin is over, Artemi Panarin is back on ice.
2:25 of 2nd period - Minor Penalty to Artemi Panarin for Tripping.
2:26 of 2nd period - Dylan Larkin wins face-off versus Brock Nelson in Sabres zone.
2:27 of 2nd period - Slapshot by Connor Brown.
2:27 of 2nd period - Goal by Connor Brown - Sabres : 0 - Red Wings : 2.
2:28 of 2nd period - Mika Zibanejad wins face-off versus Charlie Coyle in neutral zone.
2:55 of 2nd period - Nate Schmidt is hit by Evgeni Malkin and loses puck.
3:04 of 2nd period - Snap shot by Chris Kreider.
3:04 of 2nd period - Stopped by Carter Hart without a rebound.
3:05 of 2nd period - Mika Zibanejad wins face-off versus David Backes in Red Wings zone.
3:14 of 2nd period - Snap shot by Teuvo Teravainen.
3:14 of 2nd period - Shot Misses the Net.
3:16 of 2nd period - Slapshot by Artemi Panarin.
3:16 of 2nd period - Shot Misses the Net.
3:18 of 2nd period - Slapshot by Calvin de Haan.
3:18 of 2nd period - Shot Blocked by David Backes.
3:20 of 2nd period - Backhand shot by Teuvo Teravainen.
3:20 of 2nd period - Goal by Teuvo Teravainen - Sabres : 1 - Red Wings : 2.
3:21 of 2nd period - Dylan Larkin wins face-off versus Teuvo Teravainen in neutral zone.
3:24 of 2nd period - Artemi Panarin is hit by Colton Parayko and loses puck.
3:33 of 2nd period - Colton Parayko is hit by Mathew Dumba and loses puck.
3:48 of 2nd period - Colton Parayko is hit by Cal Clutterbuck and loses puck.
4:19 of 2nd period - Snap shot by Jimmy Vesey.
4:19 of 2nd period - Goal by Jimmy Vesey - Sabres : 1 - Red Wings : 3.
4:20 of 2nd period - Mika Zibanejad wins face-off versus Dylan Larkin in neutral zone.
4:35 of 2nd period - Wrist shot by Mika Zibanejad.
4:35 of 2nd period - Shot Misses the Net.
4:37 of 2nd period - Slapshot by Victor Hedman.
4:37 of 2nd period - Shot Blocked by Ivan Provorov.
7:07 of 2nd period - Snap shot by Dylan Larkin.
7:07 of 2nd period - Deflect By Pavel Buchnevich.
7:07 of 2nd period - Shot Misses the Net.
7:07 of 2nd period - Puck is out of play.
7:08 of 2nd period - Dylan Larkin wins face-off versus Mika Zibanejad in Sabres zone.
8:08 of 2nd period - Wrist shot by Dylan Larkin.
8:08 of 2nd period - Shot Misses the Net.
8:30 of 2nd period - Snap shot by Pavel Buchnevich.
8:30 of 2nd period - Stopped by Igor Shesterkin without a rebound.
8:31 of 2nd period - Charlie Coyle wins face-off versus Mika Zibanejad in Sabres zone.
8:46 of 2nd period - Slapshot by Mathew Dumba.
8:46 of 2nd period - Shot Blocked by Colton Parayko.
9:25 of 2nd period - Slapshot by Justin Bailey.
9:25 of 2nd period - Deflect By Christian Dvorak.
9:25 of 2nd period - Shot Blocked by Marcus Kruger.
9:25 of 2nd period - Puck is out of play.
9:26 of 2nd period - Charlie Coyle wins face-off versus Mika Zibanejad in Red Wings zone.
9:41 of 2nd period - Snap shot by Artemi Panarin.
9:41 of 2nd period - Shot Blocked by Nate Schmidt.
9:43 of 2nd period - Snap shot by Teuvo Teravainen.
9:43 of 2nd period - Deflect By Mika Zibanejad.
9:43 of 2nd period - Stopped by Carter Hart without a rebound.
9:44 of 2nd period - Jordan Staal wins face-off versus Chris Kreider in Red Wings zone.
10:13 of 2nd period - Backhand shot by David Backes.
10:13 of 2nd period - Stopped by Igor Shesterkin without a rebound.
10:14 of 2nd period - Charlie Coyle wins face-off versus Mika Zibanejad in Sabres zone.
10:19 of 2nd period - Wrist shot by Charlie Coyle.
10:19 of 2nd period - Deflect By Artemi Panarin.
10:19 of 2nd period - Shot Blocked by Artemi Panarin.
10:19 of 2nd period - Puck is out of play.
10:20 of 2nd period - Charlie Coyle wins face-off versus Mika Zibanejad in Sabres zone.
10:23 of 2nd period - Snap shot by Charlie Coyle.
10:23 of 2nd period - Shot Misses the Net.
10:25 of 2nd period - Slapshot by Charlie Coyle.
10:25 of 2nd period - Stopped by Igor Shesterkin with a rebound.
10:35 of 2nd period - Wrist shot by David Backes.
10:35 of 2nd period - Deflect By Charlie Coyle.
10:35 of 2nd period - Stopped by Igor Shesterkin without a rebound.
10:36 of 2nd period - Dylan Larkin wins face-off versus Evgeni Malkin in Sabres zone.
10:52 of 2nd period - Wrist shot by Dylan Larkin.
10:52 of 2nd period - Shot Misses the Net.
10:58 of 2nd period - Minor Penalty to Mathew Dumba for Holding.
10:59 of 2nd period - Artemi Panarin wins face-off versus Dylan Larkin in Sabres zone.
11:04 of 2nd period - Slapshot by Tyson Barrie.
11:04 of 2nd period - Stopped by Carter Hart with a rebound.
11:26 of 2nd period - Colton Parayko is hit by Tyson Barrie and loses puck.
11:32 of 2nd period - Off-side.
11:33 of 2nd period - Artemi Panarin wins face-off versus Dylan Larkin in neutral zone.
12:58 of 2nd period - Penalty to Mathew Dumba is over, Mathew Dumba is back on ice.
13:13 of 2nd period - Snap shot by Christian Dvorak.
13:13 of 2nd period - Shot Misses the Net.
13:17 of 2nd period - Slapshot by Christian Dvorak.
13:17 of 2nd period - Goal by Christian Dvorak - Sabres : 2 - Red Wings : 3.
13:18 of 2nd period - Evgeni Malkin wins face-off versus Charlie Coyle in neutral zone.
13:31 of 2nd period - Wrist shot by Chris Kreider.
13:31 of 2nd period - Stopped by Carter Hart with a rebound.
13:33 of 2nd period - Snap shot by Chris Kreider.
13:33 of 2nd period - Shot Misses the Net.
13:43 of 2nd period - David Backes is hit by Calvin de Haan and loses puck.
13:52 of 2nd period - Wrist shot by Corey Perry.
13:52 of 2nd period - Stopped by Carter Hart with a rebound.
13:54 of 2nd period - Slapshot by Corey Perry.
13:54 of 2nd period - Shot Misses the Net.
13:56 of 2nd period - Wrist shot by Joel Eriksson Ek.
13:56 of 2nd period - Shot Misses the Net.
14:36 of 2nd period - Snap shot by Mathew Dumba.
14:36 of 2nd period - Shot Misses the Net.
14:52 of 2nd period - Evgeni Malkin is hit by Lucas Lessio and loses puck.
15:19 of 2nd period - Slapshot by Dylan Larkin.
15:19 of 2nd period - Shot Misses the Net.
15:38 of 2nd period - Slapshot by Artemi Panarin.
15:38 of 2nd period - Stopped by Carter Hart without a rebound.
15:39 of 2nd period - Mika Zibanejad wins face-off versus Jordan Staal in Red Wings zone.
16:00 of 2nd period - Teuvo Teravainen is hit by Jordan Staal and loses puck.
16:28 of 2nd period - Slapshot by Artemi Panarin.
16:28 of 2nd period - Stopped by Carter Hart without a rebound.
16:29 of 2nd period - Chris Kreider wins face-off versus Charlie Coyle in Red Wings zone.
16:38 of 2nd period - Snap shot by David Backes.
16:38 of 2nd period - Stopped by Igor Shesterkin with a rebound.
16:40 of 2nd period - Snap shot by Philip Samuelsson.
16:40 of 2nd period - Stopped by Igor Shesterkin without a rebound.
16:41 of 2nd period - Dylan Larkin wins face-off versus Evgeni Malkin in Sabres zone.
17:52 of 2nd period - Snap shot by Jimmy Vesey.
17:52 of 2nd period - Shot Blocked by Mathew Dumba.
17:54 of 2nd period - Snap shot by Jimmy Vesey.
17:54 of 2nd period - Stopped by Igor Shesterkin with a rebound.
17:56 of 2nd period - Wrist shot by Colton Parayko.
17:56 of 2nd period - Shot Misses the Net.
18:06 of 2nd period - Nate Schmidt is hit by Justin Bailey and loses puck.
18:58 of 2nd period - Snap shot by Joel Eriksson Ek.
18:58 of 2nd period - Shot Misses the Net.
19:00 of 2nd period - Wrist shot by Tyson Barrie.
19:00 of 2nd period - Shot Misses the Net.
19:02 of 2nd period - Slapshot by Tyson Barrie.
19:02 of 2nd period - Shot Misses the Net.
19:48 of 2nd period - Slapshot by Calvin de Haan.
19:48 of 2nd period - Deflect By Timo Meier.
19:48 of 2nd period - Stopped by Carter Hart with a rebound.
19:58 of 2nd period - Artemi Panarin is hit by Danton Heinen.
Goals for this period are 2 for Sabres vs 2 for Red Wings.
Shots for this period are 10 for Sabres vs 9 for Red Wings.

3rd period


0:01 of 3rd period - Mika Zibanejad wins face-off versus Charlie Coyle in neutral zone.
0:04 of 3rd period - David Backes is hit by Mathew Dumba and loses puck.
0:35 of 3rd period - Slapshot by Pavel Buchnevich.
0:35 of 3rd period - Stopped by Igor Shesterkin with a rebound.
0:37 of 3rd period - Snap shot by Pavel Buchnevich.
0:37 of 3rd period - Shot Blocked by Victor Hedman.
0:53 of 3rd period - Wrist shot by Brock Nelson.
0:53 of 3rd period - Stopped by Carter Hart with a rebound.
1:35 of 3rd period - Wrist shot by Mika Zibanejad.
1:35 of 3rd period - Shot Misses the Net.
1:37 of 3rd period - Snap shot by Brent Seabrook.
1:37 of 3rd period - Shot Misses the Net.
1:39 of 3rd period - Snap shot by Teuvo Teravainen.
1:39 of 3rd period - Stopped by Carter Hart without a rebound.
1:40 of 3rd period - Charlie Coyle wins face-off versus Evgeni Malkin in Red Wings zone.
1:49 of 3rd period - Wrist shot by Evgeni Malkin.
1:49 of 3rd period - Shot Blocked by Charlie Coyle.
1:51 of 3rd period - Wrist shot by Evgeni Malkin.
1:51 of 3rd period - Shot Misses the Net.
1:53 of 3rd period - Slapshot by Calvin de Haan.
1:53 of 3rd period - Deflect By David Backes.
1:53 of 3rd period - Stopped by Carter Hart with a rebound.
1:55 of 3rd period - Wrist shot by Cal Clutterbuck.
1:55 of 3rd period - Shot Blocked by Philip Samuelsson.
2:13 of 3rd period - Slapshot by Dylan Larkin.
2:13 of 3rd period - Stopped by Igor Shesterkin with a rebound.
2:15 of 3rd period - Slapshot by Philip Samuelsson.
2:15 of 3rd period - Shot Blocked by Teuvo Teravainen.
2:17 of 3rd period - Wrist shot by Connor Brown.
2:17 of 3rd period - Shot Blocked by Tyson Barrie.
2:27 of 3rd period - Roland McKeown is hit by Tyson Barrie.
2:36 of 3rd period - Slapshot by Jimmy Vesey.
2:36 of 3rd period - Stopped by Igor Shesterkin without a rebound.
2:37 of 3rd period - Charlie Coyle wins face-off versus Evgeni Malkin in Sabres zone.
2:40 of 3rd period - Snap shot by David Backes.
2:40 of 3rd period - Stopped by Igor Shesterkin with a rebound.
3:00 of 3rd period - Icing by Cal Clutterbuck.
3:01 of 3rd period - Evgeni Malkin wins face-off versus Dylan Larkin in Sabres zone.
3:08 of 3rd period - Connor Brown is hit by Brent Seabrook.
3:18 of 3rd period - Slapshot by Dylan Larkin.
3:18 of 3rd period - Shot Misses the Net.
3:30 of 3rd period - Snap shot by Cal Clutterbuck.
3:30 of 3rd period - Stopped by Carter Hart without a rebound.
3:31 of 3rd period - Mika Zibanejad wins face-off versus Charlie Coyle in Red Wings zone.
4:03 of 3rd period - Icing by Artemi Panarin.
4:04 of 3rd period - Mika Zibanejad wins face-off versus Dylan Larkin in Sabres zone.
4:04 of 3rd period - Mika Zibanejad is hit by Philip Samuelsson.
4:32 of 3rd period - Wrist shot by Artemi Panarin.
4:32 of 3rd period - Stopped by Carter Hart with a rebound.
4:34 of 3rd period - Slapshot by Victor Hedman.
4:34 of 3rd period - Stopped by Carter Hart with a rebound.
4:46 of 3rd period - Wrist shot by Teuvo Teravainen.
4:46 of 3rd period - Shot Misses the Net.
4:48 of 3rd period - Slapshot by Mathew Dumba.
4:48 of 3rd period - Shot Blocked by Ivan Provorov.
4:50 of 3rd period - Slapshot by Teuvo Teravainen.
4:50 of 3rd period - Stopped by Carter Hart without a rebound.
4:51 of 3rd period - Dylan Larkin wins face-off versus Evgeni Malkin in Red Wings zone.
4:51 of 3rd period - Dylan Larkin is hit by Cal Clutterbuck.
5:01 of 3rd period - Snap shot by Dylan Larkin.
5:01 of 3rd period - Shot Misses the Net.
5:17 of 3rd period - Joel Eriksson Ek is hit by David Backes and loses puck.
7:08 of 3rd period - Snap shot by Brock Nelson.
7:08 of 3rd period - Stopped by Carter Hart with a rebound.
7:20 of 3rd period - Pavel Buchnevich is hit by Justin Bailey and loses puck.
7:41 of 3rd period - Ivan Provorov is hit by Brent Seabrook and loses puck.
8:00 of 3rd period - Charlie Coyle is hit by Evgeni Malkin and loses puck.
8:12 of 3rd period - Icing by Mathew Dumba.
8:13 of 3rd period - Jordan Staal wins face-off versus Joel Eriksson Ek in Sabres zone.
8:26 of 3rd period - Wrist shot by Joel Eriksson Ek.
8:26 of 3rd period - Deflect By Corey Perry.
8:26 of 3rd period - Stopped by Carter Hart without a rebound.
8:27 of 3rd period - Dylan Larkin wins face-off versus Mika Zibanejad in Red Wings zone.
8:40 of 3rd period - Snap shot by Dylan Larkin.
8:40 of 3rd period - Deflect By Pavel Buchnevich.
8:40 of 3rd period - Stopped by Igor Shesterkin without a rebound.
8:41 of 3rd period - Charlie Coyle wins face-off versus Mika Zibanejad in Sabres zone.
8:42 of 3rd period - Snap shot by David Backes.
8:42 of 3rd period - Shot Blocked by Artemi Panarin.
9:58 of 3rd period - Snap shot by Lucas Lessio.
9:58 of 3rd period - Shot Misses the Net.
10:00 of 3rd period - Slapshot by Martin Marincin.
10:00 of 3rd period - Stopped by Igor Shesterkin without a rebound.
10:01 of 3rd period - Marcus Kruger wins face-off versus Christian Dvorak in Sabres zone.
10:02 of 3rd period - Wrist shot by T.J. Hensick.
10:02 of 3rd period - Stopped by Igor Shesterkin without a rebound.
10:03 of 3rd period - Mika Zibanejad wins face-off versus T.J. Hensick in Sabres zone.
10:38 of 3rd period - Snap shot by Charlie Coyle.
10:38 of 3rd period - Stopped by Igor Shesterkin without a rebound.
10:39 of 3rd period - Dylan Larkin wins face-off versus Mika Zibanejad in Sabres zone.
10:44 of 3rd period - Snap shot by Dylan Larkin.
10:44 of 3rd period - Shot Blocked by Victor Hedman.
10:46 of 3rd period - Slapshot by Roland McKeown.
10:46 of 3rd period - Deflect By Connor Brown.
10:46 of 3rd period - Shot Misses the Net.
10:46 of 3rd period - Puck is out of play.
10:47 of 3rd period - Dylan Larkin wins face-off versus Mika Zibanejad in Sabres zone.
11:04 of 3rd period - Roland McKeown is hit by Artemi Panarin and loses puck.
11:51 of 3rd period - Wrist shot by Artemi Panarin.
11:51 of 3rd period - Shot Misses the Net.
12:01 of 3rd period - Snap shot by Dylan Larkin.
12:01 of 3rd period - Goal by Dylan Larkin - Sabres : 2 - Red Wings : 4.
12:02 of 3rd period - Evgeni Malkin wins face-off versus Charlie Coyle in neutral zone.
12:34 of 3rd period - Snap shot by Jimmy Vesey.
12:34 of 3rd period - Shot Blocked by Tyson Barrie.
12:52 of 3rd period - Brent Seabrook is hit by Lucas Lessio and loses puck.
13:34 of 3rd period - Minor Penalty to Brock Nelson for Interference.
13:35 of 3rd period - Artemi Panarin wins face-off versus Dylan Larkin in Sabres zone.
13:35 of 3rd period - Artemi Panarin is hit by Connor Brown.
13:50 of 3rd period - Snap shot by Connor Brown.
13:50 of 3rd period - Stopped by Igor Shesterkin with a rebound.
14:04 of 3rd period - Snap shot by Dylan Larkin.
14:04 of 3rd period - Stopped by Igor Shesterkin with a rebound.
14:19 of 3rd period - Backhand shot by Pavel Buchnevich.
14:19 of 3rd period - Shot Blocked by Mathew Dumba.
15:08 of 3rd period - Colton Parayko is hit by Victor Hedman and loses puck.
15:34 of 3rd period - Penalty to Brock Nelson is over, Brock Nelson is back on ice.
15:36 of 3rd period - Artemi Panarin is hit by Carson Mcmillan and loses puck.
17:28 of 3rd period - Ivan Provorov is hit by Mathew Dumba and loses puck.
19:53 of 3rd period - Icing by Roland McKeown.
19:54 of 3rd period - Mika Zibanejad wins face-off versus Dylan Larkin in Red Wings zone.
Goals for this period are 0 for Sabres vs 1 for Red Wings.
Shots for this period are 9 for Sabres vs 11 for Red Wings.